 Dungeon Crawl Stone Soup version 0.22-a0-845-g8bfc27d406 (webtiles) character file.

222 Ruukey the Ducker (level 5, 0/28 HPs)
             Began as a Spriggan Chaos Knight on July 26, 2018.
             Succumbed to a worker ant's poison
             ... on level 2 of the Dungeon.
             The game lasted 00:07:16 (1748 turns).

Ruukey the Ducker (Spriggan Chaos Knight)           Turns: 1748, Time: 00:07:16

Health: 0/28       AC:  5    Str:  7 (9)  XL:     5   Next: 66%
Magic:  6/6        EV: 20    Int: 12 (13) God:    Xom [..*...]
Gold:   95         SH:  0    Dex: 14 (16) Spells: 4/4 levels left

rFire    . . .     SeeInvis +   a - +0 hand axe (chaos)
rCold    . . .     Gourm    .   (shield restricted)
rNeg     . . .     Faith    .   b - +2 robe
rPois    .         Spirit   .   (helmet restricted)
rElec    .         Reflect  .   (no cloak)
rCorr    .         Harm     .   (gloves unavailable)
MR       .....     Clarity  +   (boots unavailable)
Stlth    ++........             (no amulet)
HPRegen  0.09/turn              (no ring)
MPRegen  0.10/turn              (no ring)

@: lethally poisoned (0 -> -4), flying, very quick
A: very small, unfitting armour, see invisible, clarity, herbivore, speed 3,
shaggy fur 1, inhibited regeneration, slow metabolism 2
a: Renounce Religion


You were on level 2 of the Dungeon.
You worshipped Xom.
You were a toy of Xom.
You were not hungry.

You visited 1 branch of the dungeon, and saw 2 of its levels.

You collected 95 gold pieces.

Inventory:

Hand Weapons
 a - a +0 hand axe of chaos (weapon)
 j - a +2 hunting sling of flaming
 r - a cursed -3 hunting sling
Missiles
 e - 9 arrows
 h - 20 poisoned needles
 m - 48 stones (quivered)
 o - 16 sling bullets
Armour
 b - a +2 robe (worn)
Jewellery
 d - an uncursed ring of see invisible {unknown}
 f - an uncursed ring of resist corrosion {unknown}
Scrolls
 i - a scroll of remove curse {unknown}
 k - a scroll of immolation {unknown}
 n - a scroll of identify {unknown}
Potions
 q - a potion of brilliance {unknown}
Comestibles
 c - 4 rations


   Skills:
 + Level 3.4 Fighting
 + Level 3.4 Axes
 + Level 5.5 Dodging
 + Level 3.6 Stealth


You had 4 spell levels left.
You didn't know any spells.
Your spell library was empty.

Dungeon Overview and Level Annotations

Branches:
Dungeon (2/15)

Altars:
Yredelemnul


Innate Abilities, Weirdness & Mutations

You are very small and have problems with some larger weapons.
You are too small for most types of armour.
You have supernaturally acute eyesight. (SInv)
You are a herbivore.
You cover ground extremely quickly.
You need to consume almost no food.
You possess an exceptional clarity of mind.
You are covered in fur. (AC +1)
You do not regenerate when monsters are visible.


Message History

* * * LOW HITPOINT WARNING * * *
You feel sick. The adder completely misses you.
You hit the adder.
The adder seems to slow down.
You freeze the adder.
The adder is almost dead.
The adder barely misses you.
You hit the adder but do no damage.
The adder is almost dead.
* * * LOW HITPOINT WARNING * * *
You feel sick.
The adder is no longer moving slowly.
The adder completely misses you.
You hit the adder. You burn the adder.
You kill the adder!
It was a potion of mutation.
You feel extremely strange.
Your regeneration stops near monsters.
Your thoughts seem clearer.
Fur sprouts all over your body.
It was a potion of degeneration.
There was something very wrong with that liquid.
You feel weakened.
You feel dopey.
You feel clumsy.
You die...
Xom chuckles heartily!

................)># #.#
.......#####..##.## #.#
..............##.####.#
......................#
......######..##.####.#
..##..## #..##.# #.#
.###...# #.....# #.#
†###.#.### #..##.# #.#
.......... ...##@# #.#
####.##.## #####†# #.#
# ####.####.# .
#.........# .# #.
#h##[###### ## #.
#.##.# #.# #.##.# ..
#.##.# #####.###.##.#


There were no monsters in sight!

Vanquished Creatures
  Sigmund (D:2)
  Jessica (D:2)
  An adder (shapeshifter) (D:2)
  2 worms (D:2)
  A ball python (shapeshifter) (D:2)
  3 bats (D:1)
  3 giant cockroaches (D:1)
  4 goblins
  5 hobgoblins
  4 kobolds
  A ball python (D:1)
  3 rats
29 creatures vanquished.

Notes
Turn   | Place    | Note
-------+----------+-------------------------------------------
     0 | D:1      | Ruukey the Spriggan Chaos Knight began the quest for the Orb.
     0 | D:1      | Reached XP level 1. HP: 11/11 MP: 2/2
    59 | D:1      | XOM: silly message
   177 | D:1      | XOM: silly message
   367 | D:1      | Reached XP level 2. HP: 16/16 MP: 3/3
   507 | D:1      | XOM: harmless Tmut miscast
   509 | D:1      | Reached skill level 4 in Dodging
   915 | D:2      | Noticed Sigmund
   942 | D:2      | XOM: butterfly on damage
  1000 | D:1      | XOM: harmless Tmut miscast
  1189 | D:2      | XOM: cast spell 'Summon Small Mammal'
  1190 | D:2      | XOM: smoke on damage
  1195 | D:2      | Killed Sigmund
  1195 | D:2      | Reached skill level 5 in Dodging
  1195 | D:2      | Reached XP level 3. HP: 9/20 MP: 4/4
  1195 | D:2      | Reached XP level 4. HP: 11/24 MP: 5/5
  1195 | D:2      | Reached XP level 5. HP: 13/28 MP: 6/6
  1239 | D:2      | Found a basalt altar of Yredelemnul.
  1490 | D:2      | Noticed Jessica
  1500 | D:2      | Killed Jessica
  1745 | D:2      | HP: 1/28 [poisoned by a worker ant]
  1747 | D:2      | Gained mutation: You do not regenerate when monsters are visible. [potion of mutation]
  1747 | D:2      | Gained mutation: You possess an exceptional clarity of mind. [potion of mutation]
  1747 | D:2      | Gained mutation: You are covered in fur. (AC +1) [potion of mutation]
  1748 | D:2      | Succumbed to a worker ant's poison

Vault maps used:
D:1:      dpeg_arrival_radiant
D:2:      yredelemnul_altar_generic, uniq_sigmund, uniq_jessica

Skill      XL: |  1  2 |
---------------+-------+-----
Dodging        | 5 |  5.5
Fighting       | 3 |  3.4
Axes           | 3 |  3.4
Stealth        | 3 |  3.6

Action                   |  1- 3 |  4- 6 || total
-------------------------+-------+-------++-------
Melee: Hand axe          |    52 |    55 ||   107
Throw: Stone             |     9 |     4 ||    13
  Use: Potion            |       |     3 ||     3
 Stab: Distracted        |     1 |       ||     1
       Sleeping          |       |     3 ||     3
Armor: Robe              |     6 |     2 ||     8
Dodge: Dodged            |    37 |    33 ||    70

Table legend:
 A = Spawn XP
 B = Non-spawn XP
 C = Spawn XP percentage of total XP
 D = Spawn monster count
 E = Non-spawn monster count
 F = Spawn count percentage of total count
 G = Total turns spent on level
                    A         B        C        D         E        F      G
               +---------+---------+-------+---------+---------+-------+---------
         Total |       0 |     318 |   0.0 |       0 |      29 |   0.0 |  1748
               +---------+---------+-------+---------+---------+-------+---------
           D:1 |       0 |      28 |   0.0 |       0 |      16 |   0.0 |  1151
           D:2 |       0 |     290 |   0.0 |       0 |      13 |   0.0 |   597
               +---------+---------+-------+---------+---------+-------+---------
